 Dungeon Crawl Stone Soup version 0.17-a0-1-g1f4be75 (webtiles) character file.

6031 vatarom the Transmogrifier (level 10, -13/88 HPs)
             Began as a Green Draconian Transmuter on Mar 9, 2015.
             Was a Follower of Ru.
             Hit by a large rock thrown by a cyclops (46 damage)
             ... on level 13 of the Dungeon.
             The game lasted 00:28:44 (11313 turns).

vatarom the Transmogrifier (DrTm)                  Turns: 11313, Time: 00:28:44

Health: -13/88     AC: 13    Str: 17      XL:     10   Next: 56%
Magic:  23/23      EV: 16    Int: 15      God:    Ru [*.....]
Gold:   603        SH:  0    Dex: 16 (17) Spells: 5 memorised, 3 levels left

rFire  . . .     SeeInvis .       - Unarmed
rCold  . . .     Clarity  +     (armour unavailable)
rNeg   . . .     SustAb   .     (no shield)
rPois  +         Gourm    .     (helmet restricted)
rElec  .         Spirit   .     (no cloak)
rCorr  .         Warding  .     r - +1 pair of gloves
rMut   .         Stasis   .     (no boots)
MR     .....                    n - amulet of clarity (curse)
Stlth  +.........               p - +4 ring of protection
                                i - +4 ring of dexterity

@: not resistant to hostile enchantments, very unstealthy
A: breathe noxious fumes, unfitting armour, horns 1, mutation resistance 1,
poison resistance, screaming 1, strong 2, cold-blooded, hated by all, AC +7
a: Breathe Noxious Fumes, Renounce Religion


You were on level 13 of the Dungeon.
You worshipped Ru.
Ru was aware of your devotion.
You were full.

You visited 1 branch of the dungeon, and saw 11 of its levels.
You also visited: Sewer.

You collected 603 gold pieces.

Inventory:

Missiles
 b - 140 arrows
 c - 4 tomahawks (quivered)
Armour
 r - a +1 pair of gloves (worn)
 H - a +0 buckler
Jewellery
 g - an uncursed amulet of faith
 i - a +4 ring of dexterity (left hand)
 n - a cursed amulet of clarity (around neck)
 p - a +4 ring of protection (right hand)
 s - an uncursed ring of sustain abilities
 u - a cursed ring of see invisible
 C - an uncursed ring of magical power
Magical devices
 f - a wand of cold (0)
 j - a wand of slowing (34)
 t - a wand of flame (21)
 v - a wand of fireball (4)
 x - a wand of polymorph (14)
 z - a wand of slowing (20)
 A - a wand of fire (4)
 E - a wand of frost (18)
Scrolls
 a - 3 scrolls of teleportation
 k - a scroll of recharging
 q - 6 scrolls of identify
 B - a scroll of amnesia
 D - 5 scrolls of remove curse
Potions
 e - a potion of restore abilities
 h - 3 potions of agility
 G - a potion of curing
Books
 d - a book of Changes

   Spells                             Type                      Level
   a - Beastly Appendage              Transmutation                1
   b - Sticks to Snakes               Transmutation                2
   c - Spider Form                    Transmutation/Poison         3
   d - Ice Form                       Ice/Transmutation            4
   e - Blade Hands                    Transmutation                5
 y - a book of Alchemy

   Spells                             Type                      Level
   a - Sublimation of Blood           Necromancy                   2
   b - Alistair's Intoxication        Transmutation/Poison         4
   c - Condensation Shield            Ice                          4
   d - Petrify                        Transmutation/Earth          4
   e - Ignite Poison                  Fire/Transmutation           5
   f - Irradiate                      Conjuration/Transmutation    5
Comestibles
 l - 22 fruits
 o - a beef jerky


   Skills:
 - Level 7.8 Fighting
 + Level 6.2 Dodging
 - Level 7.6 Unarmed Combat
 + Level 5.7 Spellcasting
 - Level 8.1 Transmutations
 - Level 4.0 Ice Magic


You had 3 spell levels left.
You knew the following spells:

 Your Spells              Type           Power        Failure   Level  Hunger
a - Beastly Appendage     Trmt           ####..       1%          1    None
b - Spider Form           Trmt/Pois      ###.......   10%         3    ###....
c - Ice Form              Ice/Trmt       ###.....     14%         4    ####...
d - Blade Hands           Trmt           ####......   17%         5    ######.
e - Alistair's Intoxicat  Trmt/Pois      ###.....     28%         4    ####...


Dungeon Overview and Level Annotations

Branches:
Dungeon (13/15)            Temple (0/1) D:4            Lair (0/8) D:8
    Orc (0/4) D:10
 Vaults: D:13-14

Altars:
Cheibriados
Dithmenos
Fedhas
Gozag
Makhleb
Ru
Sif Muna
Trog
Vehumet
Zin
The Shining One

Shops:
D:4 :   D:10 *

Annotations:
D:7 4 runed doors


Innate Abilities, Weirdness & Mutations

You can breathe blasts of noxious fumes.
Your lurid green scales are hard (AC +7).
Your body does not fit into most forms of armour.
Your system is resistant to poisons.
You occasionally shout uncontrollably at your foes.
Your cold-blooded metabolism reacts poorly to cold.
You are hated by all.
You have a pair of small horns on your head.
You are somewhat resistant to further mutation.
Your muscles are very strong. (Str +4)


Message History

The centaur shouts!
The centaur wields a shortbow.
The centaur shoots an arrow of flame.
The arrow of flame hits you. The arrow of flame burns you.
The cyclops throws a large rock.
The large rock closely misses you.
The centaur shoots an arrow of flame.
The arrow of flame completely misses you.
You see here 2 arrows of flame.
Unknown command.
The centaur shoots an arrow of flame.
The arrow of flame hits you. The arrow of flame burns you.
The cyclops throws a large rock.
The large rock hits you!!
There is a stone staircase leading up, spattered with blood here.
Things that are here:
a large rock; an arrow of flame Unknown command.
The yak bellows!
The centaur shoots an arrow of flame.
The arrow of flame closely misses you.
The cyclops throws a large rock.
The large rock hits you!!!
Ouch! That really hurt!
You die...

..................
Y.................
.................
....$............
........(........
.ZY..Y(9.........
..c.....Y........
.......D.........
........@....C...
.........(.......
...............
...............
..........>....
.............
...........
......... ###


You could see a five-headed hydra, a cyclops, 3 yaks, a gargoyle, a centaur and
a centaur skeleton (wandering).

Vanquished Creatures
  A centaur zombie (D:10)
  4 wandering mushrooms (D:8)
  2 two-headed ogres
  Grinder (D:5)
  A deep elf mage (D:6)
  2 hippogriffs
  Edmund (D:4)
  Menkaure (D:6)
  2 sky beasts
  An ice beast (D:5)
  Purgy (Sewer)
  2 orc warriors
  3 centaurs
  5 ogres
  A phantom (D:7)
  2 big kobolds
  A gnoll sergeant (D:8)
  Blork the orc (D:8)
  4 giant frogs
  A water moccasin zombie (D:10)
  3 scorpions
  2 oklob saplings (D:8)
  2 giant frog zombies
  A jelly (D:9)
  A gnoll shaman (D:6)
  A goliath beetle (D:7)
  5 orc priests
  11 orc wizards
  3 crimson imps
  A giant frog skeleton (D:5)
  4 hounds
  A quasit (D:10)
  5 centaur skeletons
  Natasha (thrice) (D:4)
  3 iguanas
  3 worker ants
  A killer bee zombie (D:5)
  Ijyb (D:6)
  4 hound zombies
  A mummy (D:7)
  A worker ant zombie (D:7)
  Robin (D:3)
  9 gnolls
  6 adders
  A shadow imp (D:5)
  6 giant mites
  4 worms
  An adder skeleton (D:4)
  5 giant geckos
  33 orcs
  13 giant cockroaches
  24 goblins
  13 hobgoblins
  33 kobolds
  4 quokkas
  15 bats
  4 giant newts
  2 giant spores
  13 jackals
  A quokka skeleton (D:6)
  23 rats
  5 ballistomycetes
310 creatures vanquished.

Vanquished Creatures (others)
  A crimson imp (D:6)
  A gnoll (D:6)
  A giant cockroach (D:5)
  A giant spore (D:8)
  3 kobolds (D:6)
7 creatures vanquished.

Grand Total: 317 creatures vanquished

Notes
Turn   | Place    | Note
--------------------------------------------------------------
     0 | D:1      | vatarom, the Draconian Transmuter, began the quest for the Orb.
     0 | D:1      | Reached XP level 1. HP: 16/16 MP: 3/3
   343 | D:1      | Reached XP level 2. HP: 24/24 MP: 4/4
  1314 | D:2      | Reached XP level 3. HP: 4/29 MP: 4/6
  1314 | D:2      | HP: 1/29 [quokka (3)]
  1483 | D:2      | Learned a level 3 spell: Spider Form
  2324 | D:3      | Found a glowing drain.
  2343 | D:3      | Reached XP level 4. HP: 33/38 MP: 7/7
  2359 | Sewer    | Entered a sewer
  2371 | Sewer    | Noticed Purgy
  2381 | Sewer    | Killed Purgy
  2381 | Sewer    | Reached skill level 4 in Fighting
  2381 | Sewer    | Reached XP level 5. HP: 28/46 MP: 5/9
  2471 | Sewer    | Learned a level 4 spell: Ice Form
  2662 | D:3      | Noticed Robin
  2696 | D:3      | Killed Robin
  2944 | D:3      | Found a sacrificial altar of Ru.
  3037 | D:3      | Became a worshipper of Ru the Awakened
  3138 | D:3      | Found a burning altar of Makhleb.
  3208 | D:3      | Reached XP level 6. HP: 49/52 MP: 8/10
  3550 | D:4      | Reached skill level 1 in Ice Magic
  3640 | D:4      | Noticed Natasha
  3648 | D:4      | Killed Natasha
  3692 | D:4      | Found Luycepn's Book Shop.
  3777 | D:4      | Found a shadowy altar of Dithmenos.
  3797 | D:4      | Noticed Natasha
  3807 | D:4      | Killed Natasha
  3940 | D:4      | Found a staircase to the Ecumenical Temple.
  4112 | D:4      | Noticed Natasha
  4117 | D:4      | Killed Natasha
  4148 | D:4      | Noticed Edmund
  4169 | D:4      | Killed Edmund
  4323 | D:4      | Your scales start taking on a lurid green colour.
  4323 | D:4      | Gained mutation: Your system is resistant to poisons. [draconian maturity]
  4323 | D:4      | Reached XP level 7. HP: 49/59 MP: 12/12
  4436 | D:4      | Gained mutation: You are hated by all. [Ru sacrifice]
  4436 | D:4      | Acquired Ru's first power
  4803 | D:5      | Entered Level 5 of the Dungeon
  4803 | D:5      | Noticed Grinder
  4820 | D:5      | Killed Grinder
  5305 | D:5      | Found a glowing golden altar of the Shining One.
  5314 | D:5      | Reached XP level 8. HP: 63/66 MP: 17/17
  5688 | D:5      | Reached skill level 5 in Dodging
  5696 | D:5      | Learned a level 5 spell: Blade Hands
  5855 | D:5      | Found a deep blue altar of Sif Muna.
  6038 | D:5      | Found an opulent altar of Gozag.
  6038 | D:5      | Found a snail-covered altar of Cheibriados.
  6195 | D:5      | Got a scorched dagger
  6196 | D:5      | Identified the cursed +1 dagger of Honesty {elec, rPois rF+ rC- Str+4 Int+3} (You found it on level 5 of the Dungeon)
  6267 | D:6      | Noticed Ijyb
  6281 | D:6      | Killed Ijyb
  6370 | D:6      | Gained mutation: Your muscles are strong. (Str +2) [potion of mutation]
  6370 | D:6      | Gained mutation: Your flesh is cold resistant. [potion of mutation]
  6370 | D:6      | Gained mutation: You have a pair of small horns on your head. [potion of mutation]
  6389 | D:6      | Reached skill level 5 in Unarmed Combat
  6549 | D:6      | Reached skill level 6 in Unarmed Combat
  6619 | D:6      | Found a radiant altar of Vehumet.
  6720 | D:6      | Reached skill level 7 in Unarmed Combat
  6794 | D:6      | Reached XP level 9. HP: 61/71 MP: 20/20
  6878 | D:6      | Noticed Menkaure
  6889 | D:6      | Killed Menkaure
  6889 | D:6      | Reached skill level 5 in Transmutations
  7380 | D:7      | Gained mutation: You occasionally shout uncontrollably at your foes. [Ru sacrifice]
  7458 | D:7      | Found a huge runed gate.
  7459 | D:7      | Found a huge runed gate.
  7459 | D:7      | Noticed a griffon
  7460 | D:7      | Found a huge runed gate.
  7460 | D:7      | Noticed a griffon
  7461 | D:7      | Found a huge runed gate.
  7461 | D:7      | Noticed a griffon
  7537 | D:7      | Reached skill level 5 in Fighting
  7791 | D:7      | Gained mutation: Your muscles are very strong. (Str +4) [mutagenic meat]
  7792 | D:7      | Lost mutation: Your flesh is cold resistant. [mutagenic meat]
  7793 | D:7      | Gained mutation: You are somewhat resistant to further mutation. [mutagenic meat]
  8454 | D:8      | Found a staircase to the Lair.
  8597 | D:8      | Found a blossoming altar of Fedhas.
  8859 | D:8      | Reached XP level 10. HP: 78/86 MP: 21/21
  9166 | D:8      | Reached skill level 8 in Transmutations
  9321 | D:8      | Noticed an angel
  9322 | D:8      | Found a glowing silver altar of Zin.
  9469 | D:8      | Noticed Blork the orc
  9477 | D:8      | Killed Blork the orc
 10392 | D:9      | Found a bloodstained altar of Trog.
 10393 | D:9      | Noticed a moth of wrath
 10978 | D:10     | Entered Level 10 of the Dungeon
 11073 | D:10     | Found a staircase to the Orcish Mines.
 11083 | D:10     | Reached skill level 5 in Spellcasting
 11137 | D:10     | Learned a level 4 spell: Alistair's Intoxication
 11204 | D:10     | Found Inajuuzo's Assorted Antiques.
 11298 | D:10     | Noticed a hill giant
 11303 | D:10     | You fall through a shaft for 3 floors!
 11307 | D:13     | Noticed a cyclops
 11307 | D:13     | Noticed a five-headed hydra
 11313 | D:13     | Hit by a large rock thrown by a cyclops

Action                   |  1- 3 |  4- 6 |  7- 9 | 10-12 || total
-------------------------+-------+-------+-------+-------++-------
Melee: Unarmed           |    60 |    54 |   322 |   181 ||   617
       Short sword       |    97 |   127 |   124 |       ||   348
Throw: Tomahawk          |     4 |       |       |       ||     4
 Cast: Beastly Appendage |     7 |     3 |     6 |     2 ||    18
       Spider Form       |       |     6 |     1 |       ||     7
       Ice Form          |       |       |    15 |       ||    15
       Blade Hands       |       |       |     3 |    12 ||    15
       Alistair's Intoxi |       |       |       |     3 ||     3
Invok: Sacrifice Love    |       |       |     1 |       ||     1
       Sacrifice Purity  |       |       |     1 |       ||     1
       Reject Sacrifices |       |       |       |     1 ||     1
 Abil: Breathe Noxious F |       |       |     2 |     1 ||     3
       End Transformatio |       |       |     1 |       ||     1
Evoke: Wand              |       |       |       |     2 ||     2
       Deck              |       |       |       |     1 ||     1
  Use: Potion            |     7 |     4 |     8 |     5 ||    24
       Scroll            |     8 |     2 |     4 |     7 ||    21
 Stab: Sleeping          |       |     3 |       |       ||     3
       Distracted        |       |       |     1 |       ||     1
       Confused          |       |       |       |     1 ||     1
  Eat: Bread ration      |     1 |     2 |     2 |     1 ||     6
       Pizza             |       |     1 |     1 |     1 ||     3
       Chunk             |       |     1 |     4 |     2 ||     7
       Meat ration       |       |       |     2 |     1 ||     3
       Royal jelly       |       |       |       |     1 ||     1
       Beef jerky        |       |       |       |     1 ||     1
